 Dungeon Crawl Stone Soup version 0.16.1-16-gc44b35d (webtiles) character file.

19 ventricule the Slasher (level 2, 0/24 HPs)
             Began as a Formicid Chaos Knight on Apr 17, 2015.
             Slain by a worm (12 damage)
             ... on level 2 of the Dungeon.
             The game lasted 00:01:07 (1005 turns).

ventricule the Slasher (Formicid Chaos Knight)      Turns: 1005, Time: 00:01:09

Health: 0/24       AC:  5    Str: 16    XL:     2   Next: 95%
Magic:  3/3        EV: 11    Int: 11    God:    Xom [..*...]
Gold:   32         SH:  0    Dex: 10    Spells: 0 memorised, 1 level left

rFire  . . .     SeeInvis +     a - +0 falchion (chaos)
rCold  . . .     Clarity  .     b - +2 leather armour
rNeg   . . .     SustAb   .     (no shield)
rPois  .         Gourm    .     (helmet unavailable)
rElec  .         Spirit   .     (no cloak)
rCorr  .         Warding  .     (no gloves)
rMut   .         Stasis   +     (no boots)
MR     .....                    (no amulet)
Stlth  +.........               (no ring)
                                (no ring)

@: not resistant to hostile enchantments, very unstealthy
A: permanent stasis, dig shafts and tunnels, four strong arms, antennae 3
a: Dig, Shaft Self, Renounce Religion


You were on level 2 of the Dungeon.
You worshipped Xom.
You were a toy of Xom.
You were not hungry.

You visited 1 branch of the dungeon, and saw 2 of its levels.

You collected 32 gold pieces.


Innate Abilities, Weirdness & Mutations

You are under a permanent stasis effect.
You can dig through walls and to a lower floor.
Your four strong arms can wield two-handed weapons with a shield.
You have a pair of large antennae on your head (SInv).


   Skills:
 - Level 3.2 Fighting
 + Level 3.9 Long Blades
 - Level 2.1 Armour
 - Level 0.8 Dodging


You had one spell level left.
You didn't know any spells.

Inventory:

Hand weapons
 a - a +0 falchion of chaos (weapon)
Missiles
 h - a throwing net {=f}
Armour
 b - a +2 leather armour (worn)
Scrolls
 d - a scroll of enchant weapon {unknown}
 e - a scroll of random uselessness {unknown}
 f - a scroll of fear {unknown}
Comestibles
 c - a bread ration
 g - a meat ration

Dungeon Overview and Level Annotations

Branches:
Dungeon (2/15)

Altars:
Nemelex Xobeh

.## #.. K ..#
Z #.# #.# ...
###.# #^w<#
#..a# #
####.##.#
#....<..#
#.............
#.##.........
g ...
.......... ###
##.##.####.
#.# .# ... .#


You could see a worm (berserk).


Message History

The worm closely misses you.
You slash the worm!
The worm goes berserk!
Xom thinks this is hilarious!
The worm is severely wounded.
The worm misses you.
You barely miss the worm.
The worm is severely wounded.
The worm bites you!
You are too injured to fight recklessly!
You are too injured to fight recklessly!
You are too injured to fight recklessly!
You hit the worm.
The worm seems to slow down.
The worm is severely wounded.
You hit the worm.
You heal the worm.
The worm is severely wounded. x2
The worm barely misses you.
You barely miss the worm.
The worm is severely wounded.
Xom smirks.
You detect creatures!
The worm bites you but does no damage.
You barely miss the worm.
The worm is severely wounded.
The worm is no longer moving slowly.
The worm bites you.
* * * LOW HITPOINT WARNING * * *
You hit the worm. You freeze the worm.
The worm is severely wounded.
The worm bites you!
Ouch! That really hurt!
You die... "I guess I need a new plaything now."

Action                   || total
-------------------------++-------
Melee: Falchion          ||    59
  Eat: Beef jerky        ||     1
       Fruit             ||     1

Vault maps used:
D:1:      minmay_arrival_four_loops, nemelex_xobeh_ov_fountains_minmay
D:2:      lemuel_zombie_altar_kikubaaqudgha, first_bread

Notes
Turn   | Place    | Note
--------------------------------------------------------------
     0 | D:1      | ventricule, the Formicid Chaos Knight, began the quest for the Orb.
     0 | D:1      | Reached XP level 1. HP: 18/18 MP: 1/1
   428 | D:1      | Reached XP level 2. HP: 24/24 MP: 3/3
   455 | D:1      | XOM: harmless Conj miscast
   583 | D:1      | Found a sparkling altar of Nemelex Xobeh.
   673 | D:1      | XOM: silly message
   806 | D:1      | XOM: mild Tloc miscast
   807 | D:1      | Noticed a spatial vortex
   996 | D:2      | XOM: harmless Erth miscast
  1003 | D:2      | XOM: divination: detect creatures
  1005 | D:2      | Slain by a worm

Vanquished Creatures
  2 goblins (D:1)
  5 hobgoblins (D:1)
  A ball python (D:1)
  A giant newt (D:1)
  3 kobolds (D:1)
  7 rats (D:1)
19 creatures vanquished.
